 Dungeon Crawl Stone Soup version 0.28-a0-29-g0adfcbb (webtiles) character file.

Game seed: 3539404470296005695

679 Illumine the Chopper (level 7, -8/61 HPs)
             Began as a Minotaur Chaos Knight on July 26, 2021.
             Was a Plaything of Xom.
             Mangled by a black bear (9 damage)
             ... on level 5 of the Dungeon.
             The game lasted 00:07:16 (4227 turns).

Illumine the Chopper (Minotaur Chaos Knight)        Turns: 4227, Time: 00:07:17

Health: -8/61      AC:  9    Str: 18    XL:     7   Next: 34%
Magic:  6/6        EV:  8    Int:  9    God:    Xom [......]
Gold:   194        SH:  0    Dex: 10    Spells: 6/6 levels left

rFire   . . .      SeeInvis .   c - +1 broad axe (flame)
rCold   . . .      Faith    .   (no shield)
rNeg    . . .      Spirit   .   p - +0 chain mail
rPois   .          Reflect  .   (helmet restricted)
rElec   .          Harm     .   (no cloak)
rCorr   .          Rampage  .   (no gloves)
Will    .....                   (no boots)
Stlth   ..........              (no amulet)
HPRegen 0.20/turn               (no ring)
MPRegen 0.10/turn               (no ring)

@: no status effects
A: horns 2, retaliatory headbutt
a: Renounce Religion


You were on level 5 of the Dungeon.
You worshipped Xom.
You were a very special plaything of Xom.
You visited 1 branch of the dungeon, and saw 5 of its levels.

You collected 194 gold pieces.

Inventory:

Hand Weapons
 a - a +0 hand axe of chaos
 c - a +1 broad axe of flaming (weapon)
Missiles
 i - 18 arrows
Armour
 b - a +2 leather armour
 m - a +0 buckler
 p - a +0 chain mail (worn)
Wands
 j - a wand of flame (21)
Scrolls
 h - a scroll of amnesia
 k - a scroll of vulnerability {unknown}
 l - a scroll of immolation {unknown}
 n - a scroll of noise {unknown}
 q - a scroll of enchant armour {unknown}
Potions
 d - a potion of ambrosia {unknown}
 e - a potion of mutation
 f - a potion of heal wounds
 g - a potion of degeneration
 o - a potion of brilliance


   Skills:
 + Level 5.5 Fighting
 * Level 7.2 Axes
 + Level 4.8 Armour
 + Level 3.9 Dodging


You had 6 spell levels left.
You didn't know any spells.
Your spell library contained the following spells:

 Spells                   Type           Power      Damage    Failure   Level
 Dazzling Flash           Conj/Hex       0%         N/A       100%        3
 Gell's Gravitas          Tloc           0%         N/A       100%        3
 Teleport Other           Tloc           0%         N/A       100%        3
 Agony                    Necr           0%         N/A       100%        5
 Silence                  Hex/Air        0%         N/A       100%        5
 Dispersal                Tloc           0%         N/A       100%        6


Dungeon Overview and Level Annotations

Branches:
Dungeon (5/15)
 Temple: D:4-7

Altars:

Annotations:
D:3 2 transporters
D:4 Sigmund


Innate Abilities, Weirdness & Mutations

You have a pair of horns on your head.
You reflexively headbutt those who attack you in melee.


Message History

You hit the black bear. You burn the black bear. You headbutt the black bear.
The black bear is almost dead.
The black bear bites you!
The black bear claws you but does no damage.
The black bear claws you. The black bear bites you.
The black bear barely misses you. x2
You barely miss the black bear. Your headbutt misses the black bear.
The black bear is almost dead.
The black bear bites you! The black bear closely misses you.
The black bear claws you but does no damage.
The black bear bites you. The black bear claws you.
The black bear claws you but does no damage.
You completely miss the black bear.
The black bear is almost dead.
The black bear bites you but does no damage.
The black bear claws you but does no damage. x2
The black bear bites you but does no damage.
The black bear barely misses you. The black bear claws you.
You barely miss the black bear.
The black bear is almost dead.
The black bear bites you!
* * * LOW HITPOINT WARNING * * *
The black bear claws you but does no damage. x2
You barely miss the black bear.
The black bear is almost dead.
The black bear bites you!
* * * LOW HITPOINT WARNING * * *
The black bear claws you but does no damage.
The black bear claws you.
* * * LOW HITPOINT WARNING * * *
The black bear closely misses you. The black bear claws you.
* * * LOW HITPOINT WARNING * * *
The black bear claws you but does no damage.
You closely miss the black bear.
The black bear is almost dead.
The black bear bites you but does no damage.
The black bear claws you.
* * * LOW HITPOINT WARNING * * *
The black bear closely misses you. The black bear bites you!
You die...

#.......# #..(.##.##
#.#...#..## ..
...###..#..#
##..#...####..#.# .#
..#......####...###..###
..........####.........
....!......####..#..##.
...............h@..##
...........#####...#
......................
.........................
..................#......
........)..........#.....
..##......)###.##........
## #######)###..#.##.....
#).###..........


You could see a black bear (berserk).

Vanquished Creatures
  2 sky beasts
  A phantom (D:5)
  A scorpion (D:5)
  2 hounds
  An iguana (D:4)
  3 orc wizards
  8 adders
  3 gnolls (D:3)
  An ufetubus (D:4)
  2 worms
  5 orcs
  3 endoplasms
  4 giant cockroaches
  13 hobgoblins
  5 jackals
  9 kobolds
  3 quokkas (D:1)
  5 ball pythons
  7 bats
  11 frilled lizards
  7 goblins
  7 rats
103 creatures vanquished.

Vanquished Creatures (collateral kills)
  Ijyb (D:3)
1 creature vanquished.

Vanquished Creatures (others)
  2 plants (D:4)
2 creatures vanquished.

Grand Total: 106 creatures vanquished

Notes
Turn   | Place    | Note
-------+----------+-------------------------------------------
     0 | D:1      | Illumine the Minotaur Chaos Knight began the quest for the
                  | Orb.
     0 | D:1      | Reached XP level 1. HP: 19/19 MP: 0/0
    28 | D:1      | XOM: divination: magic mapping
    41 | D:1      | Reached skill level 4 in Axes
    82 | D:1      | Reached XP level 2. HP: 27/27 MP: 1/1
   138 | D:1      | XOM: divination: magic mapping
   480 | D:1      | Found a faded altar of an unknown god.
   844 | D:2      | Reached XP level 3. HP: 33/33 MP: 2/2
  1317 | D:2      | XOM: noise
  1418 | D:2      | XOM: silly message
  1592 | D:3      | Noticed Ijyb
  1604 | D:3      | XOM: summons 3 friendly demons
  1606 | D:3      | Killed Ijyb
  1607 | D:3      | Reached skill level 5 in Axes
  1607 | D:3      | Reached XP level 4. HP: 24/40 MP: 3/3
  1801 | D:3      | XOM: noise
  1859 | D:3      | Found a transporter.
  1878 | D:3      | Found a transporter.
  2151 | D:3      | XOM: potion effect (haste)
  2155 | D:3      | Reached XP level 5. HP: 45/47 MP: 4/4
  2547 | D:4      | Noticed a sky beast
  2572 | D:4      | Killed a sky beast
  2573 | D:4      | Reached skill level 6 in Axes
  2796 | D:4      | Reached XP level 6. HP: 53/53 MP: 5/5
  2817 | D:4      | XOM: swap monsters
  3244 | D:4      | Reached skill level 5 in Fighting
  3483 | D:4      | Noticed Sigmund
  3506 | D:5      | Entered Level 5 of the Dungeon
  3548 | D:5      | Noticed a sky beast
  3575 | D:5      | XOM: blink monster(s)
  3593 | D:5      | XOM: summons 2 hostile demons
  3593 | D:5      | Killed a sky beast
  3594 | D:5      | Reached XP level 7. HP: 17/61 MP: 6/6
  3847 | D:5      | Identified a scroll of acquirement
  3854 | D:5      | Reached skill level 7 in Axes
  3855 | D:5      | Acquired a +1 broad axe of flaming
  4212 | D:5      | XOM: blink monster(s)
  4226 | D:5      | HP: 3/61 [black bear (1)]
  4227 | D:5      | HP: 1/61 [black bear (2)]
  4227 | D:5      | Mangled by a black bear

Illustrated notes

Levels and vault maps discovered:
D:1:      roderic_octagonal_star, layout_basic,
          dreamdust_ecumenical_altar_statues, kennysheep_nondescript,
          chequers_jeans, chequers_serial_rivers_micro_c,
          hangedman_decor_peaks_small
D:2:      layout_basic
D:3:      gammafunk_wand_slinger, layout_basic, minmay_goblin_outpost, uniq_ijyb
D:4:      layout_cave_pools, minmay_lizard_king, uniq_sigmund
D:5:      layout_rooms, mainiacjoe_overflow_concentric_impassable

Skill      XL: |  1  2  3  4  5  6  7 |
---------------+----------------------+-----
Axes           | 4 5 6 7 |  7.2
Fighting       | 4 5 |  5.5
Armour         | 3 4 |  4.8
Dodging        | 2 3 |  3.9

Action                   |  1- 3 |  4- 6 |  7- 9 || total
-------------------------+-------+-------+-------++-------
Melee: Hand axe          |    90 |   140 |     9 ||   239
       Headbutt          |     8 |    14 |     7 ||    29
       Broad axe         |       |       |    28 ||    28
Evoke: Wand              |       |     1 |       ||     1
  Use: Scroll            |       |       |     7 ||     7
Armor: Leather armour    |    27 |    55 |    15 ||    97
       Chain mail        |       |       |    17 ||    17
Dodge: Dodged            |    47 |    76 |    27 ||   150

Table legend: (Time is in decaauts)
 A = Elapsed time spent in this place.
 B = Non-inter-level travel time spent in this place.
 C = Inter-level travel time spent in this place.
 D = Time resting spent in this place.
 E = Time spent auto-exploring this place.
 F = Levels seen in this place.
 G = Mean time per level.
                   A        B        C        D        E       F      G
               +--------+--------+--------+--------+--------+-----+--------+
         Total |   4220 |   4111 |    109 |   1368 |   2010 |   5 |  844.0 |
       Dungeon |   4220 |   4111 |    109 |   1368 |   2010 |   5 |  844.0 |
               +--------+--------+--------+--------+--------+-----+--------+

Top non-repeatable levels by time:
     D:4: 1012 daAuts
     D:3: 901 daAuts
     D:2: 817 daAuts
     D:1: 763 daAuts
     D:5: 725 daAuts
